 Dungeon Crawl Stone Soup version 0.26-a0-651-gb41185065b (webtiles) character file.

Game seed: 16653136288180222680

2424 Arthanis the Cleaver (level 9, -9/88 HPs)
             Began as a Gargoyle Berserker on Oct 14, 2020.
             Was a Priest of Trog.
             Mangled by a death yak (13 damage)
             ... on level 8 of the Dungeon.
             The game lasted 00:06:59 (5846 turns).

Arthanis the Cleaver (Gargoyle Berserker)           Turns: 5846, Time: 00:07:00

Health: -9/88      AC: 20    Str: 27    XL:     9   Next: 48%
Magic:  9/9        EV:  8    Int: 11    God:    Trog [***...]
Gold:   425        SH:  0    Dex:  9    Spells: 8/8 levels left

rFire    . . .     SeeInvis .   E - +0 battleaxe
rCold    . . .     Faith    .   (shield currently unavailable)
rNeg     + . .     Spirit   .   o - +0 plate armour
rPois    ∞         Reflect  .   r - +0 helmet
rElec    +         Harm     .   e - +0 cloak
rCorr    .         Rampage  .   (no gloves)
MR       +....                  (no boots)
Stlth    ..........             (no amulet)
HPRegen  0.24/turn              n - ring of protection from magic
MPRegen  0.11/turn              B - +6 ring of strength

@: berserking, very quick
A: negative energy resistance 1, electricity resistance, unbreathing,
petrification resistance, rot immunity, AC +6
a: Berserk, Trog's Hand, Renounce Religion


You were on level 8 of the Dungeon.
You worshipped Trog.
Trog was most pleased with you.
You visited 1 branch of the dungeon, and saw 8 of its levels.

You collected 425 gold pieces.

Inventory:

Hand Weapons
 a - a +0 hand axe
 E - a +0 battleaxe (weapon)
 F - a +0 trident
Armour
 b - a +0 animal skin
 d - a +0 chain mail
 e - a +0 cloak (worn)
 o - a +0 plate armour (worn)
 r - a +0 helmet (worn)
Jewellery
 k - an uncursed ring of protection from magic
 n - a ring of protection from magic (left hand)
 s - an uncursed ring of protection from cold {unknown}
 v - an uncursed ring of stealth
 B - a +6 ring of strength (right hand)
Scrolls
 c - 6 scrolls of teleportation
 g - 2 scrolls of amnesia
 h - 3 scrolls of remove curse
 i - 4 scrolls of fear
 l - 2 scrolls of enchant weapon {unknown}
 m - 2 scrolls of magic mapping {unknown}
 x - 2 scrolls of random uselessness
 y - 2 scrolls of immolation
 D - a scroll of blinking {unknown}
Potions
 f - 2 potions of brilliance {unknown}
 j - 3 potions of haste {unknown}
 p - a potion of stabbing {unknown}
 q - 4 potions of might
 t - 4 potions of curing
 u - a potion of lignification {unknown}
 w - a potion of berserk rage {unknown}
 z - a potion of cancellation {unknown}
 A - a potion of ambrosia {unknown}
 C - 2 potions of mutation {unknown}


   Skills:
 + Level 8.2 Fighting
 * Level 9.3 Axes
 + Level 4.3 Armour
 - Level 2.0 Dodging


You had 8 spell levels left.
You didn't know any spells.
Your spell library contained the following spells:

 Spells                   Type           Power        Failure   Level
 Magic Dart               Conj           #...         99%         1
 Blink                    Tloc           N/A          100%        2
 Call Imp                 Summ           #.......     100%        2
 Slow                     Hex            #.......     100%        2
 Conjure Flame            Conj/Fire      #.......     100%        3
 Mephitic Cloud           Conj/Pois/Air  #.......     100%        3


Dungeon Overview and Level Annotations

Branches:
Dungeon (8/15)             Temple (0/1) D:6            Lair (0/6) D:8

Altars:
Ashenzari
Elyvilon
Hepliaklqana
Nemelex Xobeh
Okawaru
Uskayaw
Vehumet
Yredelemnul

Shops:
D:4 (=


Innate Abilities, Weirdness & Mutations

You are resistant to torment.
Your stone body is resilient. (AC +6)
You are immune to poison.
You resist negative energy. (rN+)
You are resistant to electric shocks. (rElec)
You can survive without breathing.
You are immune to petrification.
You are immune to rotting.


Message History

You slice the death yak!!
The death yak is heavily wounded.
You slash the death yak! x2; You slice the death yak!!
The death yak gores you but does no damage.
The death yak closely misses you. The death yak gores you!
You are too injured to fight recklessly!
You slice the death yak!!
The death yak is severely wounded.
You slash the death yak! x3; The death yak barely misses you.
The death yak gores you!
* * * LOW HITPOINT WARNING * * *
You slash the death yak!
The death yak is almost dead.
You slice the death yak!! You slash the death yak! x2
You hit the death yak but do no damage.
The death yak snorts and paws the ground.
The death yak barely misses you. The death yak gores you!
* * * LOW HITPOINT WARNING * * *
The death yak gores you!
You die...

#....... .# #...
#......###.###..## ....
......#..... ...##
....###.........###.#...
.........#..#... .......
........##.#.# ......[
#...........## 5......
##............##YY.....
##...).........#@YY.....
...#...........YYY..>.o.
....†.....(..##.........
...#.........#.......#..
..##.....##.<...........
.# #....##.......$...)..
. ##...................
. .##..(........#.......
...............#...#.#


You could see 7 death yaks, an orc warrior and a shadow imp.

Vanquished Creatures
  A hippogriff (D:8)
  Eustachio (D:5)
  A water moccasin (D:7)
  2 ice beasts
  A black bear (D:6)
  A sky beast (D:6)
  A necrophage (D:4)
  2 phantoms
  6 ogres
  2 bullfrogs (D:7)
  A scorpion (D:4)
  A wight (D:7)
  3 hounds
  4 orc priests (D:7)
  2 bullfrog skeletons
  5 orc wizards
  2 iguanas
  A killer bee zombie (D:7)
  A howler monkey skeleton (D:8)
  7 adders
  3 gnolls (D:6)
  2 white imps
  An adder skeleton (D:7)
  An adder zombie (D:5)
  3 worms
  A dart slug (D:2)
  A leopard gecko (D:3)
  10 orcs
  3 bats
  5 giant cockroaches
  4 hobgoblins
  2 jackals (D:7)
  A quokka (D:4)
  A ball python (D:2)
  3 frilled lizards
  5 goblins
  5 kobolds
  3 rats
99 creatures vanquished.

Vanquished Creatures (others)
  12 plants (D:3)
12 creatures vanquished.

Grand Total: 111 creatures vanquished

Notes
Turn   | Place    | Note
-------+----------+-------------------------------------------
     0 | D:1      | Arthanis the Gargoyle Berserker began the quest for the
                  | Orb.
     0 | D:1      | Reached XP level 1. HP: 14/14 MP: 1/1
   268 | D:1      | Reached XP level 2. HP: 19/19 MP: 2/2
   476 | D:1      | Reached skill level 3 in Axes
   901 | D:2      | Reached XP level 3. HP: 19/23 MP: 3/3
  1544 | D:3      | Reached ** piety under Trog
  1719 | D:3      | Reached XP level 4. HP: 29/29 MP: 4/4
  1792 | D:3      | Noticed an ogre
  1800 | D:3      | Killed an ogre
  1800 | D:3      | Reached skill level 4 in Axes
  1800 | D:3      | Reached XP level 5. HP: 23/33 MP: 5/5
  2239 | D:4      | Noticed a necrophage
  2249 | D:4      | Killed a necrophage
  2249 | D:4      | Reached XP level 6. HP: 39/39 MP: 6/6
  2554 | D:4      | Found Canecef's Weapon Emporium.
  2625 | D:4      | Found Ephahaiw's Jewellery Boutique.
  3056 | D:4      | Found a hazy altar of Hepliaklqana.
  3056 | D:4      | Found a basalt altar of Yredelemnul.
  3289 | D:5      | Entered Level 5 of the Dungeon
  3368 | D:5      | Found an iron altar of Okawaru.
  3467 | D:5      | Noticed an ice beast
  3476 | D:5      | Killed an ice beast
  3476 | D:5      | Reached skill level 5 in Fighting
  3476 | D:5      | Reached skill level 5 in Axes
  3476 | D:5      | Reached XP level 7. HP: 44/44 MP: 7/7
  3636 | D:5      | Noticed Eustachio
  3845 | D:6      | Reached skill level 6 in Axes
  3937 | D:6      | Found a hide-covered altar of Uskayaw.
  3937 | D:6      | Found a radiant altar of Vehumet.
  3984 | D:6      | Found a staircase to the Ecumenical Temple.
  4118 | D:6      | Reached XP level 8. HP: 48/51 MP: 8/8
  4393 | D:5      | Reached skill level 7 in Axes
  4394 | D:5      | You fall into a shaft and drop 2 floors!
  4394 | D:7      | Found a sparkling altar of Nemelex Xobeh.
  4394 | D:7      | Found a broken altar of Ashenzari.
  4664 | D:7      | Found a white marble altar of Elyvilon.
  4766 | D:7      | Reached skill level 8 in Axes
  5285 | D:7      | Reached XP level 9. HP: 48/57 MP: 9/9
  5436 | D:7      | Reached *** piety under Trog
  5673 | D:5      | Killed Eustachio
  5698 | D:8      | Reached skill level 9 in Axes
  5836 | D:8      | Found a staircase to the Lair.
  5837 | D:8      | Noticed a death yak
  5837 | D:8      | Noticed a death yak
  5837 | D:8      | Noticed a death yak
  5837 | D:8      | Noticed a death yak
  5837 | D:8      | Noticed a death yak
  5838 | D:8      | Noticed a death yak
  5838 | D:8      | Noticed a death yak
  5846 | D:8      | HP: 4/88 [death yak (15)]
  5846 | D:8      | Mangled by a death yak

Illustrated notes

Levels and vault maps discovered:
D:1:      saegor_arrival_simple_c, layout_loops_corners, corexii_corridor_pit
D:2:      layout_rooms, hex_intersection
D:3:      layout_loops_ring, serial_bayou_ford_a, serial_bayou_lagoon_b
D:4:      layout_layer_cave, gammafunk_temple_overflow_pools, serial_shops,
          shop, shop, nrook_campfire
D:5:      lemuel_ice_spiral_2, layout_basic, okawaru_gym_becter, uniq_eustachio
D:6:      layout_basic, gammafunk_temple_overflow_elements, temple_statues,
          abandoned_shop
D:7:      minmay_cornered_nines, layout_loops_ring,
          chequers_temple_overflow_statue_of_worship, elyvilon_altar_5
D:8:      layout_cave_pools, dpeg_lair_monsters

Skill      XL: |  1  2  3  4  5  6  7  8  9 |
---------------+----------------------------+-----
Axes           | 3 4 5 6 8 9 |  9.3
Dodging        | 2 |  2.0
Fighting       | 4 5 6 7 8 |  8.2
Armour         | 3 4 |  4.3

Action                   |  1- 3 |  4- 6 |  7- 9 || total
-------------------------+-------+-------+-------++-------
Melee: Hand axe          |   129 |    96 |   132 ||   357
       Battleaxe         |       |       |   102 ||   102
Invok: Berserk           |       |     3 |     8 ||    11
       Trog's Hand       |       |       |     2 ||     2
  Use: Scroll            |       |       |     9 ||     9
Armor: Chain mail        |    79 |    65 |   126 ||   270
       Plate armour      |       |       |    67 ||    67
Dodge: Dodged            |    49 |    33 |    97 ||   179

Table legend: (Time is in decaauts)
 A = Elapsed time spent in this place.
 B = Non-inter-level travel time spent in this place.
 C = Inter-level travel time spent in this place.
 D = Time resting spent in this place.
 E = Time spent auto-exploring this place.
 F = Levels seen in this place.
 G = Mean time per level.
                   A        B        C        D        E       F      G
               +--------+--------+--------+--------+--------+-----+--------+
         Total |   6000 |   5828 |    172 |      0 |   4891 |   8 |  750.0 |
       Dungeon |   6000 |   5828 |    172 |      0 |   4891 |   8 |  750.0 |
               +--------+--------+--------+--------+--------+-----+--------+

Top non-repeatable levels by time:
     D:7: 1120 daAuts
     D:4: 1114 daAuts
     D:3: 910 daAuts
     D:1: 851 daAuts
     D:6: 703 daAuts
     D:5: 665 daAuts
     D:2: 474 daAuts
     D:8: 160 daAuts
